Map: Torri del crepuscolo

Players

Mørtebianca - Winner!

  • Race: Zerg Zerg
  • League: Diamond

Jhyrachy

  • Race: Zerg Zerg
  • League: Gold

VOD

Have the link to the VOD?

Description

Time

  • Played on: April 17, 2016, 9:14 a.m.
  • Length: 10:38
Show
View Real Time Build Order
Export as new Build Order

Mørtebianca Zerg - Winner!

Build Orders: Pool First 

Get SALT Encoding   

  12  0:01  Drone  
  13  0:07  Drone  
  14  0:16  Extractor, Drone  
  14  0:32  Spawning Pool  
  13  0:36  Drone  
  14  0:45  Overlord  
  14  1:16  Hatchery  
  13  1:24  Metabolic Boost  
  13  1:28  Zergling x2  
  13  1:31  Zergling x2  
  15  1:36  Zergling x2  
  16  1:44  Drone  
  17  1:51  Drone  
  18  2:01  Drone  
  19  2:02  Queen  
  21  2:11  Overlord  
  21  2:30  Hatchery  
  21  2:32  Drone  
  20  2:46  Drone  
  20  2:47  Drone x3  
  24  2:56  Zergling x4  
  26  3:10  Drone x2  
  28  3:14  Overlord  
  28  3:18  Zergling x2  
  29  3:24  Overlord  
  29  3:31  Overlord  
  29  3:32  Queen  
  32  3:41  Zergling x8  
  32  3:46  Zergling x4  
  37  3:55  Zergling x6  
  39  4:07  Zergling x10  
  42  4:13  Drone  
  43  4:17  Drone  
  43  4:18  Drone  
  43  4:19  Baneling Nest  
  43  4:21  Drone  
  45  4:28  Drone x2  
  41  4:53  Zergling x2  
  41  4:54  Zergling x16  
  43  5:05  Drone  
  44  5:08  Drone  
  44  5:10  Drone  
  44  5:12  Drone  
  47  5:15  Drone  
  47  5:17  Drone  
  47  5:19  Hatchery, Drone  
  49  5:32  Drone x5  
  49  5:35  Queen  
  54  5:39  Baneling x3  
  54  5:40  Baneling x2  
  56  5:47  Evolution Chamber  
  55  5:50  Roach Warren  
  55  5:51  Drone  
  55  5:52  Drone  
  55  5:56  Drone  
  57  5:59  Evolution Chamber  
  57  6:00  Drone  
  57  6:02  Extractor  
  57  6:03  Drone  
  57  6:08  Overlord x2  
  57  6:24  Zerg Melee Weapons Level 1  
  57  6:28  Drone x3, Extractor  
  57  6:29  Drone x2, Extractor  
  57  6:30  Drone x2  
  57  6:31  Drone x2  
  64  6:36  Roach x3  
  64  6:38  Roach  
  72  6:40  Drone  
  72  6:41  Drone  
  72  6:45  Baneling x2  
  74  6:47  Baneling  
  74  7:00  Extractor  
  74  7:01  Drone x3  
  76  7:02  Drone x3  
  76  7:03  Overlord x3  
  79  7:14  Zerg Ground Armor Level 1  
  79  7:18  Lair  
  79  7:23  Spore Crawler  
  79  7:25  Drone x2  
  79  7:26  Spore Crawler  
  79  7:28  Drone x4  
  83  7:31  Extractor  
  82  7:38  Ravager  
  82  7:40  Roach x2  
  82  7:41  Roach x3  
  82  7:42  Ravager  
  82  7:43  Ravager  
  95  7:49  Ravager  
  90  8:07  Roach x5  
  90  8:08  Roach x2  
  90  8:09  Zergling x2  
  101  8:20  Roach  
  101  8:21  Overlord  
  101  8:22  Overlord x5  
  98  8:52  Roach  
  98  8:53  Roach x11  
  120  8:55  Overlord  
  120  8:56  Overlord  
  120  8:57  Roach  
  120  8:58  Roach x5  
  132  9:13  Ravager  
  132  9:14  Ravager x3  
  132  9:15  Ravager  
  137  9:18  Spore Crawler, Spine Crawler  
  137  9:21  Roach x2  
  137  9:22  Zergling x2, Roach  
  137  9:23  Zergling x6  
  136  9:30  Zergling x12  
  134  9:47  Drone x4  
  134  9:48  Drone x2  
  140  9:54  Extractor  
  135  10:03  Roach x5  
  145  10:11  Zergling x2  
  145  10:12  Zergling x20  
Show
View Real Time Build Order
Export as new Build Order

Jhyrachy Zerg 

Build Orders: Hatch First 

Get SALT Encoding   

  12  0:01  Drone  
  13  0:09  Drone  
  14  0:18  Overlord  
  14  0:37  Drone x3  
  17  0:55  Drone  
  18  0:57  Hatchery  
  18  1:00  Drone  
  18  1:05  Extractor  
  18  1:10  Drone  
  18  1:25  Spawning Pool  
  17  1:39  Drone, Overlord  
  18  1:59  Drone  
  19  2:04  Overlord  
  19  2:14  Queen  
  21  2:18  Zergling x6  
  21  2:21  Queen  
  26  2:25  Metabolic Boost  
  26  2:30  Zergling x4  
  27  2:45  Zergling x2  
  27  2:46  Zergling x4  
  29  3:19  Drone  
  30  3:20  Drone x5  
  34  3:54  Drone x4  
  34  3:55  Drone x2  
  33  4:14  Roach Warren  
  33  4:15  Zergling x12  
  38  4:39  Zergling x2  
  38  4:40  Zergling x10  
  37  4:48  Queen  
  33  4:55  Roach  
  33  4:56  Roach x4  
  36  5:25  Drone  
  36  5:26  Drone x5  
  40  6:00  Drone x3  
  40  6:03  Overlord x2  
  40  6:04  Overlord  
  43  6:07  Extractor  
  43  6:10  Extractor  
  41  6:15  Roach  
  43  6:25  Drone x6  
  47  6:29  Extractor  
  48  6:43  Queen  
  48  6:46  Zergling x2  
  55  6:47  Zergling x8  
  55  7:04  Drone  
  55  7:05  Drone x3  
  59  7:20  Roach x2  
  59  7:21  Roach x2  
  67  7:38  Evolution Chamber  
  66  7:49  Evolution Chamber  
  65  7:56  Spine Crawler  
  37  8:16  Zergling x2  
  37  8:17  Zergling x22  
  39  8:53  Roach  
  39  8:54  Roach x10  
  55  9:06  Drone x2  
  47  9:29  Roach x3  
  47  9:30  Roach x3  
  43  9:40  Spine Crawler  
  43  9:41  Spine Crawler  
  43  9:43  Spine Crawler  
  43  9:44  Spine Crawler  
  39  9:46  Spine Crawler  
  21  10:14  Spawning Pool  
Tags
 
Add a new tag
Caveats
  • Supply blocks, unpowered buildings, or Contaminate may cause inaccurate times.
  • Supply counts are checked every 10 seconds.